 Dungeon Crawl Stone Soup version 0.17-a0-1767-gccbed74 (webtiles) character file.

310 abixa the Chiller (level 6, -1/41 HPs)
             Began as a Human Ice Elementalist on Sept 6, 2015.
             Slain by luca467's ghost (9 damage)
             ... on level 4 of the Dungeon.
             The game lasted 00:12:24 (4077 turns).

abixa the Chiller (Human Ice Elementalist)          Turns: 4077, Time: 00:12:24

Health: -1/41      AC:  4    Str:  8    XL:     6   Next: 70%
Magic:  5/11       EV: 17    Int: 17    God:
Gold:   145        SH:  0    Dex: 14    Spells: 2 memorised, 8 levels left

rFire  . . .     SeeInvis .     p - +0 hunting sling (evade)
rCold  . . .     Clarity  .     g - +0 leather armour
rNeg   . . .     SustAt   .     (no shield)
rPois  .         Gourm    .     (no helmet)
rElec  .         Spirit   .     o - +0 cloak
rCorr  .         Warding  .     (no gloves)
rMut   .         Stasis   .     (no boots)
MR     .....                    (no amulet)
Stlth  ++........               (no ring)
                                (no ring)

@: not resistant to hostile enchantments, unstealthy
A: no striking features
a: no special abilities


You were on level 4 of the Dungeon.
You were not hungry.

You visited 1 branch of the dungeon, and saw 4 of its levels.

You collected 145 gold pieces.

Inventory:

Hand weapons
 p - a +0 hunting sling of evasion (weapon)
 s - a +0 blowgun
 z - a +0 quarterstaff
Missiles
 d - 221 stones (quivered)
 l - 15 arrows
 q - 15 bolts of flame
 r - 14 poisoned needles
 w - 4 silver tomahawks
Armour
 g - a +0 leather armour (worn)
 o - a +0 cloak (worn)
 t - a +0 ring mail
Jewellery
 f - a +4 ring of protection {unknown}
 B - an uncursed amulet of resist mutation {unknown}
Magical devices
 a - a wand of polymorph (21)
 i - a wand of digging (11)
Scrolls
 h - 6 scrolls of identify {unknown}
 k - a scroll of enchant weapon {unknown}
 m - a scroll of fog {unknown}
 u - a scroll of remove curse {unknown}
 y - a scroll of noise {unknown}
 C - a scroll of blinking {unknown}
Potions
 e - a potion of degeneration {unknown}
 j - a potion of ambrosia {unknown}
 v - a potion of agility {unknown}
Books
 b - a book of Frost

   Spells                             Type                      Level
   a - Freeze                         Ice                          1
   b - Throw Frost                    Conjuration/Ice              2
   c - Ozocubu's Armour               Charms/Ice                   3
   d - Throw Icicle                   Conjuration/Ice              4
   e - Summon Ice Beast               Ice/Summoning                4
   f - Condensation Shield            Ice                          4
Comestibles
 c - 2 bread rations
 n - a beef jerky
 x - a slice of pizza
 A - a chunk of flesh


   Skills:
 - Level 2.0 Dodging
 - Level 2.0 Stealth
 + Level 3.5 Spellcasting
   Level 1.0 Conjurations
 + Level 6.1 Ice Magic


You had 8 spell levels left.
You knew the following spells:

 Your Spells              Type           Power        Failure   Level  Hunger
a - Freeze                Ice            ###.         1%          1    None
b - Ozocubu's Armour      Chrm/Ice       ##......     24%         3    ###....


Dungeon Overview and Level Annotations

Branches:
Dungeon (4/15)
 Temple: D:4-7

Altars:
Dithmenos
Ru
Zin

Annotations:
D:4 luca467's ghost, average DsMo


Message History

Luca467's ghost is heavily damaged.
Luca467's ghost hits you!
Casting: Freeze
Confirm with . or Enter, or press ? or * to list all spells.
Aiming: Freeze
Press: ? - help, Shift-Dir - straight line, f/p - luca467's ghost
Aim: luca467's ghost (heavily damaged)
You freeze luca467's ghost.
Luca467's ghost is severely damaged.
Luca467's ghost hits you!
* * * LOW HITPOINT WARNING * * *
Casting: Freeze
Confirm with . or Enter, or press ? or * to list all spells.
Aiming: Freeze
Press: ? - help, Shift-Dir - straight line, f/p - luca467's ghost
Aim: luca467's ghost (severely damaged)
You freeze luca467's ghost.
Luca467's ghost is severely damaged.
Luca467's ghost hits you!
You die...

#..#.# #..##..................
#.##.# #...##.............#...
#####....####<#...#..............#.
.......#..........##..#####..###...
...###.#.)..................# ##..
.........).............##### ###
.........).................#####
....####...........##..........####
.>.## #.........@W##..#...........
.#.#####..............###.W....#...
..................##..###..##..####
..................###..#..###.##
.#########.........##.....##..#####
.# #......................... ##
#.......##.........##...## #
##.....####..._...####.## #
##.....##.........##..#


You could see luca467's ghost.

Vanquished Creatures
  A scorpion (D:3)
  A hound (D:4)
  2 orc wizards
  A worker ant (D:4)
  5 adders
  A gnoll (D:1)
  A worm (D:2)
  4 giant geckos
  11 orcs
  6 bats
  7 giant cockroaches
  9 goblins
  9 hobgoblins
  3 quokkas
  9 giant newts
  13 kobolds
  9 rats
92 creatures vanquished.

Vanquished Creatures (others)
  4 toadstools (D:1)
4 creatures vanquished.

Grand Total: 96 creatures vanquished

Notes
Turn   | Place    | Note
--------------------------------------------------------------
     0 | D:1      | abixa the Human Ice Elementalist began the quest for the Orb.
     0 | D:1      | Reached XP level 1. HP: 13/13 MP: 3/3
   159 | D:1      | Reached XP level 2. HP: 19/19 MP: 3/5
   577 | D:1      | Reached skill level 4 in Ice Magic
   577 | D:1      | Reached XP level 3. HP: 24/24 MP: 2/6
  1744 | D:2      | Reached XP level 4. HP: 27/30 MP: 5/7
  1818 | D:2      | Learned a level 3 spell: Ozocubu's Armour
  2393 | D:3      | Found a sacrificial altar of Ru.
  2405 | D:3      | Reached skill level 5 in Ice Magic
  2436 | D:3      | Reached XP level 5. HP: 29/35 MP: 2/8
  3509 | D:4      | Reached XP level 6. HP: 41/41 MP: 6/10
  3601 | D:4      | Noticed luca467's ghost (average DsMo)
  3764 | D:4      | Reached skill level 6 in Ice Magic
  3895 | D:4      | Found a glowing silver altar of Zin.
  3956 | D:4      | Found a shadowy altar of Dithmenos.
  4077 | D:4      | Slain by luca467's ghost

Vault maps used:
D:1:      ldierk_walled_garden_2, minmay_parallelograms
D:2:      first_bread, minmay_lizard_king
D:3:      nicolae_ru_great_annihilating_truth, grunt_ministairs_14,
          kennysheep_generic_room_13
D:4:      nicolae_dithmenos_shadow_blocks, lemuel_round_altar

Action                   |  1- 3 |  4- 6 || total
-------------------------+-------+-------++-------
Melee: Unarmed           |    17 |     5 ||    22
       Hunting sling     |       |     2 ||     2
 Fire: Hunting sling     |       |    98 ||    98
Throw: Stone             |     7 |       ||     7
 Cast: Freeze            |    57 |    68 ||   125
  Eat: Chunk             |     3 |     8 ||    11
